Unix NetHack Version 5.0.0-0 post-release - last build May 17 2026 04:57:42 (dc50c8380fa5e20985bfe3072449f57b8d9895ef,branch:main).

Game began 2026-05-21 20:08:49, ended 2026-05-21 20:21:43.

CyberFan, neutral female human Cavewoman

                          -----       -----
                          |....#######....|
                          |...|       |...|
               ------     |...|       |.^.|
               |.....#    --.--       |...|
               |....|#      #         |...|
               |....|#      #         -.---
               |....|##     #          #
               ----|-##     #          #
                 ### ##     #          ##
               #  #   ###---.-----      ##
                ###     #|.......|       ##a
                #       #|.......|       ##o@#
             #  #       #........|       #   ###
              ###        |.......|     --.-----|--
             -.---       |.......|     |.........|
           # |..<|       ---------     |.........|
            #.`{.|                     |.........|
             -----                     -----.-----
                                            #
CyberFan the Aborigine   St:15 Dx:13 Co:18 In:8 Wi:8 Ch:8  Neutral
Dlvl:7  $:105 HP:0(57) Pw:17(17) AC:4  Xp:5/301 T:2568  Fainted  Deaf

Latest messages:
 You faint from lack of food.
 You regain consciousness.
 You miss the killer bee.
 The killer bee stings!
 The killer bee stings!
 You kill the killer bee!
 You miss the killer bee.
 The killer bee stings!
 You miss the killer bee.
 The killer bee stings!
 The killer bee stings!
 You miss the killer bee.
 The killer bee stings!
 The killer bee stings!
 You miss the killer bee.
 The killer bee misses!
 You kill the killer bee!
 You faint from lack of food.
 The killer bee stings!
 The killer bee stings!
 The killer bee stings!
 The killer bee stings!
 The killer bee stings!
 The killer bee stings!
 The killer bee stings!
 The killer bee misses!
 The killer bee just misses!
 You regain consciousness.
 You miss the killer bee.
 The killer bee stings!
 The killer bee misses!
 You faint from lack of food.
 The killer bee stings!
 The killer bee just misses!
 The killer bee misses!
 The killer bee stings!
 The killer bee stings!
 The killer bee stings!
 The killer bee stings!
 The killer bee stings!
 The killer bee stings!
 The killer bee stings!
 The killer bee stings!
 The hill orc swings his curved sword.
 The hill orc hits!
 The killer bee stings!
 The killer bee stings!
 The hill orc swings his curved sword.
 The hill orc hits!
 You die...

Inventory:
 Coins    ('$')
  $ - 105 gold pieces
 Weapons  (')')
  b - an uncursed +2 sling (alternate weapon; not wielded)
  a - an uncursed +1 club (weapon in right hand)
 Armor    ('[')
  t - an uncursed +0 orcish helm (being worn)
  n - an uncursed +0 chain mail (being worn)
 Scrolls  ('?')
  i - a blessed scroll of enchant armor
  j - a cursed scroll of enchant armor
  l - a blessed scroll of enchant weapon
  w - an uncursed scroll of identify
 Potions  ('!')
  p - an uncursed potion of hallucination
  s - an uncursed potion of monster detection
  y - an uncursed potion of water
 Rings    ('=')
  k - an uncursed ring of warning
 Wands    ('/')
  u - an uncursed wand of digging (0:8)
 Tools    ('(')
  o - an uncursed bag of tricks (0:6)
 Gems/Stones  ('*')
  v - an uncursed amber stone
  m - an uncursed opal
  c - 23 uncursed flint stones (in quiver pouch)

CyberFan the Cavewoman's attributes:

Background:
 You were an Aborigine, a level 5 human Cavewoman.
 You were neutral, on a mission for Ishtar
 who was opposed by Anu (lawful) and Anshar (chaotic).
 You were right-handed.
 You were in the Dungeons of Doom, on level 7.
 You entered the dungeon 2568 turns ago.
 You had 301 experience points, 19 more were needed to attain level 6.

Basics:
 You had 0 out of 57 hit points.
 You had all 17 energy points (spell power).
 Your armor class was 4.
 Your wallet contained 105 zorkmids.
 Autopickup was on for '$%?!"=/*', with exceptions.

Final Characteristics:
 Your strength was 15 (base:16, peak:18/02, limit:18/100).
 Your dexterity was 13 (limit:18).
 Your constitution was 18 (limit:18).
 Your intelligence was 8 (limit:18).
 Your wisdom was 8 (limit:18).
 Your charisma was 8 (limit:18).

Final Status:
 You were deaf.
 You were fainted due to starvation.
 You were unencumbered.
 You were wielding a club.
 You had basic skill with club.

Final Attributes:
 You were devoutly aligned.
 You were poison resistant.
 You were warded.
 You are dead.

Miscellaneous:
 You disabled loading and storing of bones levels.
 Total elapsed playing time was 12 minutes and 51 seconds.

Major events:
 Turn
    1: CyberFan the neutral human Cavewoman entered the dungeon
  808: attained the rank of Aborigine (level 3)
 2568: killed by a hill orc, while fainted from lack of food

You didn't know any spells.

Skills:
 Fighting Skills
   bare handed combat [Basic]
 Weapon Skills
   dagger             [Unskilled]
   knife              [Unskilled]
   axe                [Unskilled]
   pick-axe           [Unskilled]
   club               [Basic]
   mace               [Unskilled]
   morning star       [Unskilled]
   flail              [Unskilled]
   hammer             [Unskilled]
   quarterstaff       [Unskilled]
   polearms           [Unskilled]
   spear              [Unskilled]
   trident            [Unskilled]
   bow                [Unskilled]
   sling              [Basic]
   boomerang          [Unskilled]
   unicorn horn       [Unskilled]
 Spellcasting Skills
   attack spells      [Unskilled]
   matter spells      [Unskilled]

Voluntary challenges:
 Character rerolling was not enabled.
 You never genocided any monsters.
 You never polymorphed an object.
 You never changed form.
 You used no wishes.
Achievements:
 You entered a shop.
 You attained the rank of Aborigine.

 The Dungeons of Doom: levels 1 to 7
    Level 1:
       An altar, some fountains.
    Level 2:
       A vegetarian food shop.
    Level 3:
       Some fountains.
    Level 4:
       An armor shop.
    Level 5:
       A fountain.
    Level 6:
    Level 7: <- You were here.
       A sink.
       Final resting place for
          you, killed by a hill orc, while fainted from lack of food.


Vanquished creatures:
  a giant beetle
  a human zombie
  a rock piercer
  a rock mole
  a fog cloud
  a giant ant
  a little dog
  a kobold shaman
  a centipede
 an orc zombie
  a dwarf zombie
 an iguana
  3 killer bees
  a hobbit
  7 manes
  a hobgoblin
  3 giant rats
  2 geckos
  2 goblins
  a sewer rat
  5 grid bugs
  4 lichens
  2 kobold zombies
  4 newts
47 creatures vanquished.

No species were genocided or became extinct.

Game over:
                       ----------
                      /          \
                     /    REST    \
                    /      IN      \
                   /     PEACE      \
                  /                  \
                  |     CyberFan     |
                  |      105 Au      |
                  | killed by a hill |
                  |       orc        |
                  |                  |
                  |                  |
                  |       2026       |
                 *|     *  *  *      | *
        _________)/\\_//(\/(/\)/\//\/|_)_______

Goodbye CyberFan the Cavewoman...

You died in The Dungeons of Doom on dungeon level 7 with 1599 points,
and 105 pieces of gold, after 2568 moves.
You were level 5 with a maximum of 57 hit points when you died.

